 Dungeon Crawl Stone Soup version 0.29.0-11-gd7f09526c8 (webtiles) character file.

Game seed: 17892678964058241162

24 anonymouscript the Shield-Bearer (level 3, -5/33 HPs)
             Began as a Meteoran Fighter on Sept 5, 2022.
             Killed by nerve-wracking pain
             ... invoked by Jessica
              (14 damage)
             ... on level 2 of the Dungeon.
             The game lasted 00:01:20 (215 turns).

anonymouscript the Shield-Bearer (Meteoran Fighter)  Turns: 215, Time: 00:01:23

Health: -5/33      AC:  7    Str: 17    XL:     3   Next: 32%
Magic:  4/4        EV:  9    Int: 10    God:
Gold:   36         SH:  5    Dex: 15    Spells: 2/2 levels left

rFire   . . .      SeeInvis .   a - +0 flail
rCold   . . .      Faith    .   c - +0 buckler
rNeg    . . .      Spirit   .   b - +0 scale mail
rPois   .          Reflect  .   (no helmet)
rElec   .          Harm     .   (no cloak)
rCorr   .          Rampage  .   (no gloves)
Will    .....                   (no boots)
Stlth   ..........              (no amulet)
HPRegen 0.11/turn               (no ring)
MPRegen 0.09/turn               (no ring)

@: glowing
A: sense surroundings 1, otherworldly, glowing, explore regen
a: no special abilities


You were on level 2 of the Dungeon.
You visited 1 branch of the dungeon, and saw 2 of its levels.

You collected 36 gold pieces.

Inventory:

Hand Weapons
 a - a +0 flail (weapon)
Armour
 b - a +0 scale mail (worn)
 c - a +0 buckler (worn)
Scrolls
 e - a scroll of teleportation {unknown}
 h - a scroll of enchant weapon {unknown}
Potions
 d - a potion of might
 f - a potion of flight
 g - a potion of brilliance {unknown}


   Skills:
 + Level 3.8 Fighting
 + Level 2.8 Maces & Flails
 + Level 3.9 Armour
 + Level 4.1 Shields


You had 2 spell levels left.
You didn't know any spells.
Your spell library contained the following spells:

 Spells                   Type           Power      Damage    Failure   Level
 Blink                    Tloc           0%         N/A       94%         2
 Manifold Assault         Tloc           0%         N/A       100%        5
 Storm Form               Tmut/Air       0%         N/A       100%        7


Dungeon Overview and Level Annotations

Branches:
Dungeon (2/15) Zot: 970

Altars:

Annotations:
D:2 Jessica


Innate Abilities, Weirdness & Mutations

You passively map a small area around you.
You are easily found by Zot.
You glow in the dark.
You regain HP and MP as you explore.


Message History

You barely miss the kobold.
The kobold is severely wounded.
You block the kobold's attack. x2
You thump the kobold!
You kill the kobold!
Your Shields skill increases to level 4!
You hit the kobold.
The kobold is severely wounded.
The kobold hits you with a +0 dagger.
You closely miss the kobold.
The kobold is severely wounded.
The kobold hits you but does no damage.
The endoplasm jiggles.
The kobold hits you with a +0 dagger.
You sock the kobold!
You kill the kobold!
You hit the endoplasm.
The endoplasm is lightly wounded.
The endoplasm hits you but does no damage.
Jessica gestures wildly while chanting.
Jessica blinks!
You hit the endoplasm.
The endoplasm is severely wounded.
The endoplasm freezes you.
You are frozen.
Jessica casts a spell.
Jessica seems to speed up.
You barely miss the endoplasm.
The endoplasm is severely wounded.
The endoplasm hits you.
The endoplasm hits you but does no damage.
You hit the endoplasm.
You kill the endoplasm!
You sock the frilled lizard!
You kill the frilled lizard!
Jessica zaps a wand.
The bolt of dispelling energy hits you!
* * * LOW HITPOINT WARNING * * *
Jessica casts a spell at you. Pain shoots through your body!
You die...

.# ##...## #.# #.#* *
.# ##.## #.# #.#
.#########..## #.# #.#
, .<...........# #.#
#.#
###########..###.####.#
#...............####
*...###......##......#
, ,,. #.#######..###.#*
* * #.....@)...# ..
#.#######@.# *, ..., ,
#.......!......#*..
...######K.##.## ,. ..,
,.... .. , ,, * #l...
,.. , , #J.... # * ,
...#..# ,, * #.....#


You could see Jessica (fast).

Vanquished Creatures
  A worm (D:2)
  4 endoplasms
  4 giant cockroaches
  2 jackals (D:2)
  4 kobolds
  2 quokkas (D:1)
  A frilled lizard (D:2)
18 creatures vanquished.

Notes
Turn   | Place    | Note
-------+----------+-------------------------------------------
     0 | D:1      | anonymouscript the Meteoran Fighter began the quest for the
                  | Orb.
     0 | D:1      | Reached XP level 1. HP: 19/19 MP: 2/2
    47 | D:1      | Reached XP level 2. HP: 23/26 MP: 3/3
   134 | D:2      | Reached XP level 3. HP: 33/33 MP: 4/4
   197 | D:2      | Noticed Jessica
   208 | D:2      | Reached skill level 4 in Shields
   215 | D:2      | Killed from afar by Jessica

Illustrated notes

Levels and vault maps discovered:
D:1:      ldierk_walled_garden, layout_rooms,
          shapermc_ecumenical_altar_notcrosses, st_stairs_4
D:2:      layout_loops_ring, uniq_jessica

Skill      XL: |  1  2  3 |
---------------+----------+-----
Shields        | 4 |  4.1
Fighting       | |  3.8
Maces & Flails | |  2.8
Armour         | |  3.9

Action                   || total
-------------------------++-------
Melee: Flail             ||    47
  Use: Potion            ||     3
Armor: Scale mail        ||    19
       Skin              ||     3
Dodge: Dodged            ||    14
Block: Buckler           ||    12
